 Dungeon Crawl Stone Soup version 0.22-a0-348-gd16d139 (webtiles) character file.

23 4thArraOfDagon the Magician (level 2, 3/15 HPs)
             Began as a Deep Elf Wizard on Apr 10, 2018.
             Was an Initiate of Cheibriados.
             Quit the game on level 5 of the Dungeon.
             The game lasted 00:03:11 (277 turns).

4thArraOfDagon the Magician (Deep Elf Wizard)        Turns: 277, Time: 00:03:13

Health: 3/15       AC:  2    Str:  5    XL:     2   Next: 75%
Magic:  3/9        EV: 13    Int: 23    God:    Cheibriados [......]
Gold:   0          SH:  0    Dex: 14    Spells: 8/9 levels left

rFire    . . .     SeeInvis .   c - +1 spear
rCold    . . .     Gourm    .   (no shield)
rNeg     . . .     Faith    .   a - +0 robe
rPois    .         Spirit   .   b - +0 hat
rElec    .         Reflect  .   (no cloak)
rCorr    .         Harm     .   (no gloves)
MR       .....                  (no boots)
Stlth    ++........             (no amulet)
HPRegen  0.05/turn              (no ring)
MPRegen  0.11/turn              (no ring)

@: lethally poisoned (3 -> -7), very slow
A: no striking features
a: Bend Time, Renounce Religion


You were on level 5 of the Dungeon.
You worshipped Cheibriados.
Cheibriados was noncommittal.
You were not hungry.

You visited 1 branch of the dungeon, and saw 5 of its levels.

Inventory:

Hand Weapons
 c - a +1 spear (weapon)
Armour
 a - a +0 robe (worn)
 b - a +0 hat (worn)
Comestibles
 d - a ration


   Skills:
 - Level 2.4 Dodging
 - Level 2.4 Stealth
 - Level 4.4 Spellcasting
 * Level 3.1 Conjurations
   Level 1.1 Summonings
   Level 1.1 Translocations


You had 8 spell levels left.
You knew the following spells:

 Your Spells              Type           Power        Failure   Level  Hunger
a - Magic Dart            Conj           ###.         2%          1    None


Dungeon Overview and Level Annotations

Branches:
Dungeon (5/15)
 Temple: D:4-7

Altars:
Ashenzari
Cheibriados
Gozag
Okawaru
Qazlal

Annotations:
D:4 Edmund


Message History

The worker ant is lightly wounded.
The jackal misses you. The worker ant closely misses you.
The jackal closely misses you.
Unknown command.
Press < or > to pray at altars.
Casting: Magic Dart (safe; 2% risk of failure)
Confirm with . or Enter, or press ? or * to list all spells.
Aiming: Magic Dart (safe; 2% risk of failure)
Press: ? - help, Shift-Dir - straight line, f/p - worker ant
Aim: a worker ant (lightly wounded)
The magic dart hits the worker ant.
The worker ant is lightly wounded.
The worker ant bites you. The jackal closely misses you.
The worker ant bites you.
* * * LOW HITPOINT WARNING * * *
You are lethally poisoned!
The worker ant poisons you!
Unknown command.
Press < or > to pray at altars.
Are you sure you want to abandon this character and quit the game? (Confirm with "yes".)

# ..# # ####.# #
#.... ### #####
###.##.###_###_#.##
....###8.#.#.#.#..#
.............h....#
.##..........Z..Z.#
.###...8.#.#.#.#ha#
## #...#.#.#####@##
.# #...##### ###
..##..... ..#####.#
#.# .# ..# ..# #O.


You could see a worker ant, a worker ant zombie and a jackal.

Vanquished Creatures
  An adder (D:5)
  2 leopard geckos (D:4)
  A bat (D:1)
  A giant cockroach (D:1)
  2 frilled lizards
  2 goblins (D:1)
  4 kobolds (D:1)
  2 rats (D:1)
15 creatures vanquished.

Notes
Turn   | Place    | Note
-------+----------+-------------------------------------------
     0 | D:1      | 4thArraOfDagon the Deep Elf Wizard began the quest for the Orb.
     0 | D:1      | Reached XP level 1. HP: 10/10 MP: 7/7
   125 | D:1      | Reached XP level 2. HP: 11/15 MP: 1/9
   162 | D:1      | 4thArraOfDagon: !lg * -- max=int x=int
   162 | D:1      | beem: No keyword '--'
   162 | D:1      | 4thArraOfDagon: !lg * max=int x=int
   162 | D:1      | beem: 8711642. [int=114] araganzar the Archmage (L27 OpWz of Cheibriados), escaped with the Orb and 15 runes on 2016-12-21 15:26:49, with 13384605 points after 124772 turns and 15:35:46.
   163 | D:1      | 4thArraOfDagon: !lg * max=int x=int -log
   163 | D:1      | beem: 8711642. araganzar, XL27 OpWz, T:124772: http://crawl.berotato.org/crawl/morgue/araganzar/morgue-araganzar-20161221-152649.txt
   208 | D:4      | Noticed a two-headed ogre
   221 | D:4      | Found a shattered altar of Ashenzari.
   228 | D:4      | Noticed Edmund
   248 | D:5      | Entered Level 5 of the Dungeon
   248 | D:5      | Found an opulent altar of Gozag.
   248 | D:5      | Noticed a scorpion
   250 | D:5      | Noticed an ogre
   260 | D:5      | Found an iron altar of Okawaru.
   264 | D:5      | Found a stormy altar of Qazlal.
   266 | D:5      | Found a snail-covered altar of Cheibriados.
   270 | D:5      | Became a worshipper of Cheibriados the Contemplative
   277 | D:5      | Quit the game

Vault maps used:
D:1:      dpeg_arrival_tiny_g
D:2:      patterned_corridor
D:3:      overflow_temple_1_default
D:4:      cheibrodos_ashenzari_chains, lemuel_doored_altar,
          minmay_temple_entry_glass, lightli_ossuary_entry_decrepit_ruins,
          first_ration, uniq_ijyb, uniq_natasha, uniq_edmund
D:5:      nicolae_gozag_seed_capital, minitemple

Skill      XL: |  1  2 |
---------------+-------+-----
Conjurations   | 2 3 |  3.1
Dodging        | |  2.4
Stealth        | |  2.4
Spellcasting   | |  4.4
Summonings     | |  1.1
Translocations | |  1.1

Action                   || total
-------------------------++-------
Melee: Spear             ||    13
 Cast: Magic Dart        ||    29
  Use: Scroll            ||     1
Armor: Robe              ||     5
Dodge: Dodged            ||    29

Table legend:
 A = Spawn XP
 B = Non-spawn XP
 C = Spawn XP percentage of total XP
 D = Spawn monster count
 E = Non-spawn monster count
 F = Spawn count percentage of total count
 G = Total turns spent on level
                    A         B        C        D         E        F      G
               +---------+---------+-------+---------+---------+-------+---------
         Total |       0 |      34 |   0.0 |       0 |      15 |   0.0 |   277
               +---------+---------+-------+---------+---------+-------+---------
           D:1 |       0 |      14 |   0.0 |       0 |      11 |   0.0 |   171
           D:4 |       0 |       7 |   0.0 |       0 |       3 |   0.0 |    49
           D:5 |       0 |      13 |   0.0 |       0 |       1 |   0.0 |    29
               +---------+---------+-------+---------+---------+-------+---------
